 Dungeon Crawl Stone Soup version 0.19-a0-1849-g2383789 (webtiles) character file.

67 sleepydude the Skirmisher (level 4, 0/37 HPs)
             Began as a Demonspawn Berserker on Oct 10, 2016.
             Was a Believer of Trog.
             Slain by Sigmund
             ... wielding a +0 scythe
              (5 damage)
             ... on level 3 of the Dungeon.
             The game lasted 00:03:08 (1881 turns).

sleepydude the Skirmisher (Demonspawn Berserker)    Turns: 1881, Time: 00:03:09

Health: 0/37       AC:  6    Str: 19    XL:     4   Next: 0%
Magic:  4/4        EV: 12    Int:  8    God:    Trog [**....]
Gold:   20         SH:  0    Dex: 12    Spells: 0 memorised, 3 levels left

rFire  . . .     SeeInvis .     a - +0 mace
rCold  . . .     Gourm    .     b - +0 animal skin
rNeg   . . .     Faith    .     (no shield)
rPois  .         Spirit   .     g - +0 helmet
rElec  .         Dismiss  .     (no cloak)
rCorr  .         Reflect  .     (no gloves)
MR     .....     Harm     .     (no boots)
Stlth  +.........               (no amulet)
                                (no ring)
                                (no ring)

@: exhausted, slowed, very slow
A: molten scales 2, demonic guardian 1
a: Berserk, Trog's Hand, Burn Spellbooks, Renounce Religion


You were on level 3 of the Dungeon.
You worshipped Trog.
Trog was pleased with you.
You were not hungry.

You visited 1 branch of the dungeon, and saw 3 of its levels.

You collected 20 gold pieces.

Inventory:

Hand Weapons
 a - a +0 mace (weapon)
Armour
 b - a +0 animal skin (worn)
 g - a +0 helmet (worn)
Scrolls
 d - 2 scrolls of teleportation {unknown}
 e - a scroll of magic mapping {unknown}
 i - 2 scrolls of identify {unknown}
 j - a scroll of fog {unknown}
 k - a scroll of immolation {unknown}
 n - a scroll of enchant armour {unknown}
Potions
 f - 2 potions of haste {unknown}
 h - a potion of curing {unknown}
 m - a potion of ambrosia {unknown}
Comestibles
 c - 2 bread rations
 l - a meat ration


   Skills:
 + Level 3.7 Fighting
 + Level 3.4 Maces & Flails
 + Level 2.0 Armour
 + Level 2.2 Dodging
 + Level 0.2 Stealth


You had 3 spell levels left.
You didn't know any spells.

Dungeon Overview and Level Annotations

Branches:
Dungeon (3/15)

Altars:
Ashenzari

Annotations:
D:3 Robin, Sigmund


Innate Abilities, Weirdness & Mutations

You are mostly covered in molten scales. (AC +3)
A weak demonic guardian rushes to your aid.


Message History

The kobold throws a stone.
The stone closely misses your ufetubus. The stone barely misses you.
Things that are here:
2 stones; a dagger; a goblin corpse You closely miss Robin.
Robin is moderately wounded.
The kobold throws a stone.
Robin barely misses you.
You hear some strange, mumbled words.
Your ufetubus resists with significant effort.
A worm comes into view.
You hit Robin.
Robin is moderately wounded.
Robin barely misses you. Something hits you but does no damage.
Robin hits you with a mace.
* * * LOW HITPOINT WARNING * * *
A goblin comes into view.
You hit Robin.
Robin is heavily wounded.
Something hits you.
You die...

#.# #.. .
######.####.###
g..............
...###.g####.#.
+...g.....#
.####g####g# .. #gK#
#g########### #..
##.# #@#.........#
#.@##g###5#.#######.#
#.....##{#.#<.)....#
###...##g#.#########
#...#g.wgK........
#..####......##....
#..# #......# .. #..#
#......# ..# #......#


You could see a worm, Robin, a hobgoblin, 2 goblins, a kobold and a friendly
ufetubus.

Vanquished Creatures
  2 adders (D:3)
  2 worms (D:2)
  2 dart slugs
  3 leopard geckos
  An orc (D:3)
  7 bats
  6 goblins
  A hobgoblin (D:1)
  4 kobolds
  A quokka (D:2)
  A ball python (D:3)
  3 frilled lizards
  A rat (D:1)
34 creatures vanquished.

Vanquished Creatures (collateral kills)
  3 goblins (D:3)
  A hobgoblin (D:3)
4 creatures vanquished.

Grand Total: 38 creatures vanquished

Notes
Turn   | Place    | Note
-------+----------+-------------------------------------------
     0 | D:1      | sleepydude the Demonspawn Berserker began the quest for the Orb.
     0 | D:1      | Reached XP level 1. HP: 18/18 MP: 1/1
   368 | D:1      | Gained mutation: A weak demonic guardian rushes to your aid. [demonic ancestry]
   368 | D:1      | Reached XP level 2. HP: 24/24 MP: 2/2
   790 | D:2      | Found a faded altar of an unknown god.
  1197 | D:2      | Gained mutation: You are partially covered in molten scales. (AC +2) [demonic ancestry]
  1197 | D:2      | Reached XP level 3. HP: 17/29 MP: 3/3
  1578 | D:2      | Found a shattered altar of Ashenzari.
  1730 | D:3      | Reached ** piety under Trog
  1839 | D:3      | Noticed Robin
  1859 | D:3      | Noticed Sigmund
  1877 | D:3      | Gained mutation: You are mostly covered in molten scales. (AC +3) [demonic ancestry]
  1877 | D:3      | Reached XP level 4. HP: 17/37 MP: 4/4
  1881 | D:3      | Slain by Sigmund

Vault maps used:
D:1:      lightli_arrival_boilingwater
D:2:      nicolae_overflow_hidden_temple, first_bread, ecumenical_altar_2
D:3:      tso_metal_star, nicolae_qazlal_style_of_elements, uniq_sigmund,
          uniq_robin

Skill      XL: |  1  2 |
---------------+-------+-----
Maces & Flails | 3 |  3.4
Dodging        | 2 |  2.2
Armour         | 2 |  2.0
Fighting       | |  3.7
Stealth        | |  0.2

Action                   |  1- 3 |  4- 6 || total
-------------------------+-------+-------++-------
Melee: Mace              |   106 |     3 ||   109
Invok: Berserk           |     3 |       ||     3
  Eat: Chunk             |     2 |       ||     2
       Meat ration       |     1 |       ||     1
       Pizza             |     1 |       ||     1
Armor: Animal skin       |    35 |     2 ||    37
Dodge: Dodged            |    75 |     3 ||    78
